 Dungeon Crawl Stone Soup version 0.30-a0-634-g8abc85282e (webtiles) character file.

Game seed: 15799177443903277016

109 themarg the Shield-Bearer (level 4, -1/41 HPs)
             Began as a Gnoll Fighter on Jan 14, 2023.
             Succumbed to a goblin's poison
             ... on level 2 of the Dungeon.
             The game lasted 00:03:02 (1467 turns).

themarg the Shield-Bearer (Gnoll Fighter)           Turns: 1467, Time: 00:03:02

Health: -1/41      AC:  7    Str: 17    XL:     4   Next: 89%
Magic:  5/5        EV:  9    Int:  7    God:
Gold:   78         SH:  5    Dex: 12    Spells: 5/5 levels left

rFire   . . .      SeeInvis .    a - +0 flail
rCold   . . .      Faith    .    c - +0 buckler
rNeg    . . .      Spirit   .    b - +0 scale mail
rPois   .          Reflect  .    (no helmet)
rElec   .          Harm     .    (no cloak)
rCorr   .          Rampage  .    (no gloves)
Will    .....                    (no boots) Stlth
                                 (no amulet)
HPRegen 0.26/turn                (no ring)
MPRegen 0.09/turn                (no ring)

@: lethally poisoned (-1 -> -17), attractive
A: fangs 1, strong nose, distributed training
a: no special abilities


You were on level 2 of the Dungeon.
You visited 1 branch of the dungeon, and saw 2 of its levels.

You collected 78 gold pieces.

Inventory:

Hand Weapons
 a - a +0 flail (weapon)
Missiles
 f - 6 atropa-tipped darts (quivered)
 k - 13 stones
Armour
 b - a +0 scale mail (worn)
 c - a +0 buckler (worn)
Wands
 p - a wand of flame (2)
Scrolls
 l - a scroll of teleportation {unknown}
 m - a scroll of magic mapping {unknown}
Potions
 d - a potion of might
 e - a potion of curing {unknown}
 g - a potion of mutation {unknown}
 h - a potion of haste {unknown}
 i - a potion of attraction
 j - 2 potions of heal wounds {unknown}
 n - 2 potions of magic
 o - a potion of flight {unknown}


   Skills:
 + Level 6.6 Fighting
 + Level 1.3 Short Blades
 + Level 1.3 Long Blades
 + Level 1.3 Axes
 + Level 4.7 Maces & Flails
 + Level 1.3 Polearms
 + Level 1.3 Staves
 + Level 1.3 Ranged Weapons
 + Level 1.3 Throwing
 + Level 6.6 Armour
 + Level 1.3 Dodging
 + Level 1.3 Stealth
 + Level 6.6 Shields
 + Level 1.3 Unarmed Combat
 + Level 1.3 Spellcasting
 + Level 1.0 Conjurations
 + Level 1.0 Hexes
 + Level 1.0 Summonings
 + Level 1.0 Necromancy
 + Level 1.0 Translocations
 + Level 1.0 Transmutations
 + Level 1.0 Fire Magic
 + Level 1.0 Ice Magic
 + Level 1.0 Air Magic
 + Level 1.0 Earth Magic
 + Level 1.0 Poison Magic
 + Level 1.4 Invocations
 + Level 1.3 Evocations


You had 5 spell levels left.
You didn't know any spells.
Your spell library contained the following spells:

 Spells                   Type           Power      Damage    Failure   Level
 Sandblast                Erth           2%         2d4       71%         1
 Passwall                 Tmut/Erth      0%         N/A       83%         2
 Stone Arrow              Conj/Erth      2%         3d7       97%         3


Dungeon Overview and Level Annotations

Branches:
Dungeon (2/15)

Altars:

Annotations:
D:2 Robin


Innate Abilities, Weirdness & Mutations

You have very sharp teeth.
Your uncanny sense of smell can sniff out nearby items.
Your experience applies equally to all skills.


Message History

The goblin is heavily wounded.
The goblin hits you with a +0 dagger.
A goblin comes into view. It is wielding a +1 dagger of venom.
The goblin hits you but does no damage.
You sock the goblin!
You kill the goblin!
You sock the goblin!
You kill the goblin!
The hobgoblin hits you but does no damage.
Things that are here:
a +0 dagger; a +0 dagger; a goblin corpse You hit the hobgoblin.
You kill the hobgoblin!
Robin roars a battlecry!
The goblin goes into a battle-frenzy!
You hit the goblin but do no damage. Your bite misses the goblin.
The goblin hits you with a +1 dagger of venom.
You are poisoned.
You barely miss the goblin. You bite the goblin.
The goblin is moderately wounded.
You feel very sick.
Robin hits you from afar with a +4 trident of distortion.
Space warps horribly around you!
The goblin hits you with a +1 dagger of venom.
You are more poisoned.
You feel very sick. You block the goblin's attack.
The goblin attacks as you move away! The goblin misses you.
* * * LOW HITPOINT WARNING * * *
You feel very sick. Robin throws the goblin at you!
The goblin hits you but does no damage.
You are lethally poisoned!
It was a potion of magic.
Magic courses through your body.
* * * LOW HITPOINT WARNING * * *
You feel very sick.
The goblin hits you with a +1 dagger of venom.
* * * LOW HITPOINT WARNING * * *
It was a potion of attraction.
You feel attractive to monsters.
You die...

..##.##.#......##.#)####
............#####.#.####
..#.....................
........#..............#
..........#####......#
..##.#.†#.).## ###.##.#
.......g.....# #.##.#
..####..##...# #.##.#
........@.....######.##.#
...#####g............##.#
.........##.......#######
.........##...#.###
...#####.##...#.#
#.##..##.#
..#####.##..##.#########
........................
#.#####)###.##.#########


You could see Robin and a goblin (strong).

Vanquished Creatures
  Terence (D:2)
  A gnoll (D:1)
  2 adders (D:2)
  4 endoplasms
  5 giant cockroaches (D:1)
  7 hobgoblins
  4 jackals (D:1)
  2 kobolds (D:1)
  2 quokkas (D:1)
  4 ball pythons (D:1)
  A bat (D:1)
  A frilled lizard (D:1)
  11 goblins
  2 rats (D:1)
47 creatures vanquished.

Notes
Turn   | Place    | Note
-------+----------+-------------------------------------------
     0 | D:1      | themarg the Gnoll Fighter began the quest for the Orb.
     0 | D:1      | Reached XP level 1. HP: 23/23 MP: 1/1
   126 | D:1      | Reached XP level 2. HP: 24/29 MP: 2/2
   255 | D:1      | Reached XP level 3. HP: 35/35 MP: 3/3
   585 | D:1      | Reached skill level 1 in Invocations
   818 | D:1      | Reached skill level 1 in Short Blades
   818 | D:1      | Reached skill level 1 in Long Blades
   818 | D:1      | Reached skill level 1 in Axes
   818 | D:1      | Reached skill level 1 in Polearms
   818 | D:1      | Reached skill level 1 in Staves
   818 | D:1      | Reached skill level 1 in Ranged Weapons
   818 | D:1      | Reached skill level 1 in Throwing
   818 | D:1      | Reached skill level 1 in Dodging
   818 | D:1      | Reached skill level 1 in Stealth
   818 | D:1      | Reached skill level 1 in Unarmed Combat
   818 | D:1      | Reached skill level 1 in Spellcasting
   818 | D:1      | Reached skill level 1 in Evocations
  1101 | D:2      | Reached XP level 4. HP: 27/41 MP: 5/5
  1189 | D:2      | Noticed Terence
  1207 | D:2      | Killed Terence
  1208 | D:2      | Reached skill level 1 in Conjurations
  1208 | D:2      | Reached skill level 1 in Hexes
  1208 | D:2      | Reached skill level 1 in Summonings
  1208 | D:2      | Reached skill level 1 in Necromancy
  1208 | D:2      | Reached skill level 1 in Translocations
  1208 | D:2      | Reached skill level 1 in Transmutations
  1208 | D:2      | Reached skill level 1 in Fire Magic
  1208 | D:2      | Reached skill level 1 in Ice Magic
  1208 | D:2      | Reached skill level 1 in Air Magic
  1208 | D:2      | Reached skill level 1 in Earth Magic
  1208 | D:2      | Reached skill level 1 in Poison Magic
  1361 | D:2      | Noticed Robin
  1466 | D:2      | HP: 2/41 [goblin/+1 dagger of venom[Robin] (5)]
  1467 | D:2      | Succumbed to a goblin's poison

Illustrated notes

Levels and vault maps discovered:
D:1:      zelgadis_glass_arrival_small, layout_loops_corners, minivault_19,
          minmay_misc_feat_hallway, minmay_pentomino_u4
D:2:      layout_basic, uniq_robin, uniq_terence, uniq_crazy_yiuf_cottage

Skill      XL: |  1  2  3  4 |
---------------+-------------+-----
Invocations    | 1 |  1.4
Short Blades   | 1 |  1.3
Long Blades    | 1 |  1.3
Axes           | 1 |  1.3
Polearms       | 1 |  1.3
Staves         | 1 |  1.3
Ranged Weapons | 1 |  1.3
Throwing       | 1 |  1.3
Dodging        | 1 |  1.3
Stealth        | 1 |  1.3
Unarmed Combat | 1 |  1.3
Spellcasting   | 1 |  1.3
Evocations     | 1 |  1.3
Conjurations   | 1 |  1.0
Hexes          | 1 |  1.0
Summonings     | 1 |  1.0
Necromancy     | 1 |  1.0
Translocations | 1 |  1.0
Transmutations | 1 |  1.0
Fire Magic     | 1 |  1.0
Ice Magic      | 1 |  1.0
Air Magic      | 1 |  1.0
Earth Magic    | 1 |  1.0
Poison Magic   | 1 |  1.0
Fighting       | |  6.6
Maces & Flails | |  4.7
Armour         | |  6.6
Shields        | |  6.6

Action                   |  1- 3 |  4- 6 || total
-------------------------+-------+-------++-------
Melee: Flail             |   101 |    43 ||   144
       Bite              |     7 |     9 ||    16
  Use: Potion            |       |     2 ||     2
Armor: Scale mail        |    41 |    15 ||    56
Dodge: Dodged            |    34 |    18 ||    52
Block: Buckler           |    28 |     8 ||    36

Table legend: (Time is in decaauts)
 A = Elapsed time spent in this place.
 B = Non-inter-level travel time spent in this place.
 C = Inter-level travel time spent in this place.
 D = Time resting spent in this place.
 E = Time spent auto-exploring this place.
 F = Levels seen in this place.
 G = Mean time per level.
                   A        B        C        D        E       F      G
               +--------+--------+--------+--------+--------+-----+--------+
         Total |   1496 |   1490 |      6 |      0 |   1160 |   2 |  748.0 |
       Dungeon |   1496 |   1490 |      6 |      0 |   1160 |   2 |  748.0 |
               +--------+--------+--------+--------+--------+-----+--------+

Top non-repeatable levels by time:
     D:1: 965 daAuts
     D:2: 531 daAuts
